 Dungeon Crawl Stone Soup version 0.21.1-1-g345015f (webtiles) character file.

319 olivier the Covered (level 6, -12/72 HPs)
             Began as a Demonspawn Fighter on July 12, 2018.
             Killed by divine providence
             ... invoked by an orc priest
              (14 damage)
             ... on level 4 of the Dungeon.
             The game lasted 00:08:27 (2876 turns).

olivier the Covered (Demonspawn Fighter)            Turns: 2876, Time: 00:08:28

Health: -12/72     AC: 23    Str: 18    XL:     6   Next: 21%
Magic:  0/6        EV:  2    Int: 12    God:
Gold:   213        SH:  9    Dex: 14    Spells: 5/5 levels left

rFire    + . .     SeeInvis .   a - +0 war axe
rCold    x . .     Gourm    .   c - +0 shield
rNeg     + + +     Faith    .   (armour currently unavailable)
rPois    +         Spirit   +   (helmet currently unavailable)
rElec    .         Reflect  .   (cloak currently unavailable)
rCorr    .         Harm     .   (gloves currently unavailable)
MR       .....     NoTele   +   (boots currently unavailable)
Stlth    ++........             e - amulet of guardian spirit
HPRegen  0.22/turn              u - ring of fire
MPRegen  0.10/turn              w - +2 ring of strength

@: tree-form
A: thin skeletal structure 1
a: no special abilities


You were on level 4 of the Dungeon.
You were not hungry.
You were a tree.
You visited 1 branch of the dungeon, and saw 4 of its levels.

You collected 213 gold pieces.

Inventory:

Hand Weapons
 a - a +0 war axe (weapon)
Armour
 b - a +0 scale mail (melded)
 c - a +0 shield (worn)
 s - a +0 helmet (melded)
 z - a +0 pair of gloves (melded)
Jewellery
 e - an amulet of guardian spirit (around neck)
 k - an uncursed amulet of rage
 u - a ring of fire (left branch)
 w - a +2 ring of strength (right branch)
Scrolls
 h - 6 scrolls of identify {unknown}
 j - 2 scrolls of teleportation {unknown}
 l - 7 scrolls of remove curse {unknown}
 m - a scroll of fear {unknown}
 q - a scroll of fog {unknown}
 x - 2 scrolls of magic mapping {unknown}
 y - a scroll of enchant weapon {unknown}
Potions
 d - a potion of might
 g - 2 potions of agility {unknown}
 i - 2 potions of haste {unknown}
 n - 2 potions of flight {unknown}
 o - a potion of lignification
 p - a potion of cancellation {unknown}
 r - a potion of berserk rage {unknown}
 v - a potion of resistance {unknown}
Books
 t - a book of Minor Magic

   Spells                             Type                      Level
   a - Magic Dart                     Conjuration                  1
   b - Blink                          Translocation                2
   c - Call Imp                       Summoning                    2
   d - Slow                           Hexes                        2
   e - Conjure Flame                  Conjuration/Fire             3
   f - Mephitic Cloud                 Conjuration/Poison/Air       3
Comestibles
 f - 7 rations


   Skills:
 + Level 4.1 Fighting
 - Level 2.5 Axes
 + Level 4.7 Armour
 + Level 1.4 Dodging
 + Level 0.3 Stealth
 - Level 3.3 Shields


You had 5 spell levels left.
You didn't know any spells.

Dungeon Overview and Level Annotations

Branches:
Dungeon (4/15)
 Temple: D:4-7

Altars:
Kikubaaqudgha


Innate Abilities, Weirdness & Mutations

((You have sharp toenails.))
You have a somewhat thin skeletal structure. (Dex +2, Stealth)
((You are partially covered in sharp spines.))


Message History

The orc priest invokes the aid of Beogh against you.
Beogh smites you!
You are too injured to fight recklessly!
You are too injured to fight recklessly!
The orc priest invokes the aid of Beogh against you.
Beogh smites you!
* * * LOW HITPOINT WARNING * * *
The orc priest calls down the wrath of Beogh upon you.
Beogh smites you!
* * * LOW HITPOINT WARNING * * *
It was a potion of lignification.
You turn into a tree.
Your +0 helmet melds into your body.
Your +0 pair of gloves melds into your body.
Your +0 scale mail melds into your body.
Your roots penetrate the ground.
You block the orc's attack.
You closely miss the orc. The orc hits you but does no damage.
You block the orc's attack.
The orc priest calls down the wrath of Beogh upon you.
Beogh smites you!
You die...

#.##.##.# ... #.## #.......#
#.# ##.## ####.#### #.# #..#
#.######.#### ###.
#####.##........# ##
#...#.........#.## #
###...#............# #
####...............#..#####
#.......oo♣##..##..#.....<.
......$...o.##......#.######
.#.##.#...#####.......
#.#...# ####.#### # ##.##
#...# ..# ## #...# # #... ..
#...######## #.## #.
#.........##
##.###...#####.##


You could see an orc priest and 2 orcs.

Vanquished Creatures
  The ghost of spiff the Conjurer, an amateur DrCj (D:4)
  An orc wizard (D:4)
  A worker ant (D:4)
  Terence (D:2)
  2 adders
  A worm (D:1)
  7 leopard geckos
  7 orcs
  6 goblins
  9 hobgoblins
  13 kobolds
  A quokka (D:4)
  2 ball pythons (D:1)
  10 bats
  6 frilled lizards
  A leopard gecko skeleton (D:4)
  10 rats
79 creatures vanquished.

Vanquished Creatures (others)
  A human (D:2)
1 creature vanquished.

Grand Total: 80 creatures vanquished

Notes
Turn   | Place    | Note
-------+----------+-------------------------------------------
     0 | D:1      | olivier the Demonspawn Fighter began the quest for the Orb.
     0 | D:1      | Reached XP level 1. HP: 18/18 MP: 1/1
    66 | D:1      | Gained mutation: You have sharp toenails. [demonic ancestry]
    66 | D:1      | Reached XP level 2. HP: 14/24 MP: 0/2
   828 | D:1      | Gained mutation: You have a somewhat thin skeletal structure. (Dex +2, Stealth) [demonic ancestry]
   828 | D:1      | Reached XP level 3. HP: 23/29 MP: 3/3
  1194 | D:2      | Found an ancient bone altar of Kikubaaqudgha.
  1194 | D:2      | Noticed a human
  1199 | D:2      | Killed a human
  1435 | D:2      | Noticed Terence
  1445 | D:2      | Killed Terence
  1588 | D:2      | Reached XP level 4. HP: 34/35 MP: 4/4
  2773 | D:4      | Noticed spiff's ghost (amateur DrCj)
  2781 | D:4      | Reached skill level 1 in Dodging
  2781 | D:4      | Reached XP level 5. HP: 18/42 MP: 3/5
  2788 | D:4      | Killed spiff's ghost
  2788 | D:4      | Gained mutation: You are partially covered in sharp spines. [demonic ancestry]
  2788 | D:4      | Reached XP level 6. HP: 22/48 MP: 4/6
  2873 | D:4      | HP: 1/48 [orc priest/divine providence (12)]
  2876 | D:4      | Killed from afar by an orc priest

Skill      XL: |  1  2  3  4  5 |
---------------+----------------+-----
Shields        | 3 |  3.3
Axes           | 2 |  2.5
Armour         | 3 4 |  4.7
Dodging        | 1 |  1.4
Fighting       | 4 |  4.1
Stealth        | |  0.3

Action                   |  1- 3 |  4- 6 || total
-------------------------+-------+-------++-------
Melee: War axe           |   129 |    99 ||   228
       Kick              |    23 |    21 ||    44
  Use: Potion            |       |     2 ||     2
  Eat: Chunk             |     2 |     5 ||     7
Armor: Scale mail        |    84 |    39 ||   123
       Skin              |       |     1 ||     1
Dodge: Dodged            |    45 |    21 ||    66
Block: Shield            |    67 |    53 ||   120
